 Dungeon Crawl Stone Soup version 0.28.0-53-g5a82cb258f (webtiles) character file.

Game seed: 8990487895491621062

46 pkoi the Shield-Bearer (level 3, -4/30 HPs)
             Began as a Demigod Fighter on June 6, 2022.
             Slain by Sigmund
             ... wielding a +0 scythe
              (8 damage)
             ... on level 2 of the Dungeon.
             The game lasted 00:02:23 (2198 turns).

pkoi the Shield-Bearer (Demigod Fighter)            Turns: 2198, Time: 00:02:23

Health: -4/30      AC:  6    Str: 17    XL:     3   Next: 26%
Magic:  5/5        EV:  7    Int: 14    God:
Gold:   43         SH: 11    Dex: 16    Spells: 2/2 levels left

rFire   + . .      SeeInvis .     - Unarmed
rCold   x . .      Faith    .   e - +2 kite shield
rNeg    . . .      Spirit   .   a - +0 scale mail
rPois   .          Reflect  .   (no helmet)
rElec   .          Harm     .   (no cloak)
rCorr   .          Rampage  .   (no gloves)
Will    .....                   (no boots)
Stlth   ..........              (no amulet)
HPRegen 0.10/turn               h - ring "Lietzes" {Fire Dex+3 Slay+2}
MPRegen 0.09/turn               (no ring)

@: no status effects
A: high MP 1, forlorn, divine attributes
a: no special abilities


You were on level 2 of the Dungeon.
You visited 1 branch of the dungeon, and saw 2 of its levels.

You collected 43 gold pieces.

Inventory:

Hand Weapons
 d - a +0 dagger
Armour
 a - a +0 scale mail (worn)
 b - a +0 buckler
 e - a +2 kite shield (worn)
Jewellery
 h - the ring "Lietzes" (left hand) {Fire Dex+3 Slay+2}
   (You acquired it on level 1 of the Dungeon)

   [ring of fire]

   It enhances your fire magic.
   Dex:       It affects your dexterity (+3).
   Slay:      It affects your accuracy & damage with ranged weapons and melee
   (+2).
   rF:        It protects you from fire.
   rC:        It makes you vulnerable to cold.
Scrolls
 g - 2 scrolls of identify {unknown}
 k - a scroll of amnesia {unknown}
 m - a scroll of enchant armour {unknown}
 n - a scroll of noise {unknown}
Potions
 c - a potion of might
 i - a potion of heal wounds {unknown}
 j - 2 potions of mutation {unknown}
 l - a potion of brilliance {unknown}


   Skills:
 - Level 2.6 Fighting
 + Level 2.9 Armour
 + Level 3.1 Shields
 * Level 2.9 Unarmed Combat


You had 2 spell levels left.
You didn't know any spells.
Your spell library contained the following spells:

 Spells                   Type           Power      Damage    Failure   Level
 Sting                    Tmut/Pois      0%         1d3       97%         1
 Spider Form              Tmut/Pois      0%         N/A       100%        3
 Eringya's Noxious Bog    Tmut/Pois      0%         N/A       100%        6
 Fire Storm               Conj/Fire      0%         5d1       100%        9


Dungeon Overview and Level Annotations

Branches:
Dungeon (2/15)

Annotations:
D:2 Sigmund


Innate Abilities, Weirdness & Mutations

You have an increased reservoir of magic. (+10% MP)
You shall have no god before yourself.
Your divine heritage dramatically boosts your attributes as you level up.


Message History

You bump into the rock wall.
You bump into the rock wall.
You bump into the stone wall.
Sigmund closely misses you. Sigmund barely misses you.
You miss Sigmund.
You are too confused!
You are too confused!
Sigmund completely misses you.
Sigmund points at you and mumbles some strange words.
The magic dart hits you. Sigmund gestures at you while chanting.
You are more confused.
Items here: )) †††.
Sigmund casts a spell at you.
You are more confused.
You barely miss Sigmund. Sigmund hits you with a +0 scythe.
* * * LOW HITPOINT WARNING * * *
You bump into the rock wall.
You bump into the stone wall.
Sigmund hits you but does no damage.
Unknown command.
Sigmund hits you with a +0 scythe!
* * * LOW HITPOINT WARNING * * *
You bump into the rock wall.
You bump into the rock wall.
Sigmund hits you with a +0 scythe!
* * * LOW HITPOINT WARNING * * *
You barely miss Sigmund.
Sigmund gestures wildly while chanting.
Sigmund flickers and vanishes!
Deactivating autopickup; reactivate with Ctrl-A.
You hear some strange, mumbled words.
A puff of flame appears from out of thin air!
The puff of flame hits you. You resist.
* * * LOW HITPOINT WARNING * * *
Items here: )) †††.
It was a potion of cancellation.
Your magical effects are unravelling.
You feel magically purged.
You feel less confused. Something hits you!
You die...

#....@...####..'....
#.######## #..#....
#######@# #..#....
........# ##.#....
####....# #>.....
........## #......
+######..#################
##..................
#.#@{#############.#
#..#.# #.# #..#.# #.#
#..#.# #.# #..#.# #..
.#.#.# ### ...##.# ### #.#
..#


There were no monsters in sight!

Vanquished Creatures
  2 dart slugs
  4 bats
  8 endoplasms (D:1)
  4 goblins
  4 hobgoblins (D:1)
  5 kobolds
  2 quokkas
  2 ball pythons
  3 frilled lizards (D:1)
  4 rats (D:1)
38 creatures vanquished.

Notes
Turn   | Place    | Note
-------+----------+-------------------------------------------
     0 | D:1      | pkoi the Demigod Fighter began the quest for the Orb.
     0 | D:1      | Reached XP level 1. HP: 18/18 MP: 3/3
   448 | D:1      | Reached XP level 2. HP: 25/25 MP: 4/4
   524 | D:1      | Reached skill level 3 in Shields
  1542 | D:1      | Got the Almanac of Igneous Intoxication
  1559 | D:1      | Reached XP level 3. HP: 19/30 MP: 5/5
  1668 | D:1      | Identified a scroll of acquirement
  1668 | D:1      | Acquired the ring "Lietzes" {Fire Dex+3 Slay+2}
  2166 | D:2      | Noticed Sigmund
  2198 | D:2      | Slain by Sigmund

Illustrated notes

Levels and vault maps discovered:
D:1:      dpeg_arrival_lava_temple_mockup, layout_basic,
          shapermc_ecumenical_altar_mp_ritualfount, serial_glass,
          glass_columns_b, glass_columns_a, minmay_close_crescents
D:2:      layout_basic, serial_shops, shop, minmay_3d_cube, uniq_sigmund,
          uniq_robin

Skill      XL: |  1  2 |
---------------+-------+-----
Unarmed Combat | 2 |  2.9
Shields        | 3 |  3.1
Fighting       | |  2.6
Armour         | |  2.9

Action                   || total
-------------------------++-------
Melee: Unarmed           ||   149
  Use: Scroll            ||     2
       Potion            ||     1
Armor: Scale mail        ||    42
Dodge: Dodged            ||    31
Block: Kite shield       ||    69
